 Dungeon Crawl Stone Soup version 0.30-a0-534-gdc55766716 (webtiles) character file.

Game seed: 7503541288336932030

78 cforsyth the Ruffian (level 4, 0/36 HPs)
             Began as a Draconian Transmuter on Dec 25, 2022.
             Was an Initiate of Cheibriados.
             Slain by Pikel
             ... wielding a +1 whip of flaming
              (2 damage)
             ... on level 4 of the Dungeon.
             The game lasted 00:04:17 (2117 turns).

cforsyth the Ruffian (Draconian Transmuter)         Turns: 2117, Time: 00:04:18

Health: 0/36       AC:  5    Str: 15    XL:     4   Next: 15%
Magic:  7/7        EV: 12    Int: 14    God:    Cheibriados [......]
Gold:   84         SH:  0    Dex: 13    Spells: 7/8 levels left

rFire   . . .      SeeInvis .      - Unarmed
rCold   . . .      Faith    .    (no shield)
rNeg    . . .      Spirit   .    (body armour unavailable)
rPois   .          Reflect  .    (helmet currently unavailable)
rElec   .          Harm     .    (no cloak)
rCorr   .          Rampage  .    (no gloves)
Will    .....                    (boots currently unavailable)
Stlth   +                        (no amulet)
HPRegen 0.26/turn                (no ring)
MPRegen 0.10/turn                (no ring)

@: appendages (expiring), very slow
A: horns 2, talons 2, AC +5, unfitting armour, cold-blooded
a: End Transformation, Renounce Religion


You were on level 4 of the Dungeon.
You worshipped Cheibriados.
Cheibriados was noncommittal.
You had temporarily grown beastly horns and talons.
You visited 1 branch of the dungeon, and saw 4 of its levels.

You collected 84 gold pieces.

Inventory:

Scrolls
 b - a scroll of torment {unknown}
 c - a scroll of brand weapon {unknown}
 d - a scroll of immolation {unknown}
 e - 2 scrolls of fear {unknown}
 f - 2 scrolls of identify {unknown}
 g - a scroll of teleportation
 h - a scroll of enchant weapon {unknown}
 i - a scroll of amnesia {unknown}
Potions
 a - 3 potions of lignification
 j - 2 potions of degeneration {unknown}


   Skills:
 + Level 2.2 Fighting
 + Level 2.3 Dodging
 + Level 3.4 Unarmed Combat
 + Level 2.5 Spellcasting
 + Level 2.6 Transmutations


You had 7 spell levels left.
You knew the following spells:

 Your Spells              Type           Power      Damage    Failure   Level
a - Beastly Appendage     Tmut           18%        N/A       8%          1

Your spell library contained the following spells:

 Spells                   Type           Power      Damage    Failure   Level
 Wereblood                Tmut           9%         N/A       12%         2
 Spider Form              Tmut/Pois      5%         N/A       36%         3
 Ice Form                 Ice/Tmut       5%         N/A       78%         4


Dungeon Overview and Level Annotations

Branches:
Dungeon (4/15)
 Temple: D:4-7

Altars:
Cheibriados
Fedhas
Qazlal

Annotations:
D:3 Sigmund
D:4 Pikel


Innate Abilities, Weirdness & Mutations

You have temporarily grown beastly horns and talons.
Your plain brown scales are hard. (AC +5)
You cannot fit into any form of body armour.
You are cold-blooded and may be slowed by cold attacks.


Message History

Pikel is lightly wounded.
Pikel hits you with a +1 whip of flaming.
Pikel burns you.
You closely miss Pikel. Your kick misses Pikel.
Pikel is lightly wounded.
Pikel closely misses you.
You hit Pikel. Your kick misses Pikel.
Pikel is moderately wounded.
Pikel hits you but does no damage.
You punch Pikel! You headbutt Pikel.
Pikel is heavily wounded.
The lemure closely misses you.
Pikel hits you with a +1 whip of flaming!
Pikel burns you. The lemure attacks as you move away!
The lemure closely misses you.
You hit the lemure. You claw the lemure, but do no damage.
You headbutt the lemure.
The lemure is lightly wounded.
The lemure barely misses you.
You closely miss the lemure.
The lemure is lightly wounded.
The lemure hits you but does no damage.
You hit the lemure. Your kick misses the lemure.
Your tail-slap misses the lemure.
The lemure is moderately wounded.
The lemure hits you.
* * * LOW HITPOINT WARNING * * *
A lemure comes into view.
The lemure attacks as you move away! The lemure hits you.
* * * LOW HITPOINT WARNING * * *
Your transformation is almost over.
Pikel attacks as you move away! Pikel closely misses you.
Pikel attacks as you move away!
Pikel hits you with a +1 whip of flaming!
* * * LOW HITPOINT WARNING * * *
Pikel burns you.
* * * LOW HITPOINT WARNING * * *
Pikel attacks as you move away!
Pikel hits you with a +1 whip of flaming.
You die...

#.....#.##..##.#......#
#....#.#.####5#.#.....#
#....##.#....#.##.....#
##...#.##...5..##.#....#
....#.#..........# #..## ..
..#..##....5.......# ..# .
..#.#................ .#
.###. #......K............
.... #####.@...########.# ...
#..#### .. #.# ##+.#
#####.#######>..##
#.........##.....## ###
#.##..###.#.......## ##.##
##.#..<###..........####...##
....)...............'.......#
##.....###..........####...##


You could see Pikel and 3 lemures.

Vanquished Creatures
  An iguana (D:4)
  An adder (D:3)
  2 dart slugs (D:1)
  An orc (D:4)
  6 endoplasms
  3 giant cockroaches (D:1)
  3 goblins
  2 jackals (D:2)
  2 kobolds
  2 ball pythons (D:1)
  10 bats
  A frilled lizard (D:1)
  3 rats (D:1)
37 creatures vanquished.

Notes
Turn   | Place    | Note
-------+----------+-------------------------------------------
     0 | D:1      | cforsyth the Draconian Transmuter began the quest for the
                  | Orb.
     0 | D:1      | Reached XP level 1. HP: 16/16 MP: 3/3
   124 | D:1      | Reached XP level 2. HP: 23/23 MP: 3/5
   451 | D:1      | Found a faded altar of an unknown god.
   582 | D:1      | Reached XP level 3. HP: 29/29 MP: 6/6
  1264 | D:2      | Found a snail-covered altar of Cheibriados.
  1277 | D:2      | Became a worshipper of Cheibriados the Contemplative
  1639 | D:3      | Found a blossoming altar of Fedhas.
  1656 | D:3      | Found a stormy altar of Qazlal.
  1718 | D:3      | Noticed Sigmund
  1839 | D:4      | Reached XP level 4. HP: 22/36 MP: 7/7
  2075 | D:4      | Noticed Pikel
  2075 | D:4      | Noticed a lemure
  2075 | D:4      | Noticed a lemure
  2100 | D:4      | Noticed a lemure
  2109 | D:4      | Noticed a lemure
  2117 | D:4      | Slain by Pikel

Illustrated notes

Levels and vault maps discovered:
D:1:      wheals_arrival_shading, layout_loops_cross,
          shapermc_ecumenical_altar_pompeii
D:2:      layout_basic, basic_altar
D:3:      kennysheep_goblin_castle, layout_basic,
          grunt_temple_overflow_forces_of_nature, nicolae_vehumet_altar_sigil,
          uniq_sigmund
D:4:      layout_loops_corners, mainiacjoe_overflow_alcove_1, serial_glass,
          glass_columns_a, glass_columns_b, ebering_ghost_reflecting_pool,
          minmay_misc_feat_secret_circle, uniq_pikel

Skill      XL: |  1  2  3 |
---------------+----------+-----
Dodging        | 2 |  2.3
Fighting       | 2 |  2.2
Unarmed Combat | |  3.4
Spellcasting   | |  2.5
Transmutations | |  2.6

Action                   |  1- 3 |  4- 6 || total
-------------------------+-------+-------++-------
Melee: Unarmed           |    88 |    15 ||   103
       Kick              |    20 |     3 ||    23
       Headbutt          |     9 |     4 ||    13
       Punch             |     3 |       ||     3
       Tailslap          |    10 |     2 ||    12
 Cast: Beastly Appendage |    31 |     3 ||    34
  Use: Scroll            |     1 |       ||     1
Armor: Skin              |    39 |     3 ||    42
Dodge: Dodged            |    54 |    11 ||    65

Table legend: (Time is in decaauts)
 A = Elapsed time spent in this place.
 B = Non-inter-level travel time spent in this place.
 C = Inter-level travel time spent in this place.
 D = Time resting spent in this place.
 E = Time spent auto-exploring this place.
 F = Levels seen in this place.
 G = Mean time per level.
                   A        B        C        D        E       F      G
               +--------+--------+--------+--------+--------+-----+--------+
         Total |   2261 |   2182 |     79 |     98 |   1750 |   4 |  565.2 |
       Dungeon |   2261 |   2182 |     79 |     98 |   1750 |   4 |  565.2 |
               +--------+--------+--------+--------+--------+-----+--------+

Top non-repeatable levels by time:
     D:1: 852 daAuts
     D:2: 808 daAuts
     D:4: 435 daAuts
     D:3: 164 daAuts
